 Dungeon Crawl Stone Soup version 0.26-a0-812-g31a745ddcd (webtiles) character file.

Game seed: 368181725347701781

8 Azzok the Chopper (level 2, 22/24 HPs)
             Began as a Demonspawn Berserker on Nov 16, 2020.
             Was a Follower of Trog.
             Quit the game on level 1 of the Dungeon.
             The game lasted 00:00:27 (291 turns).

Azzok the Chopper (Demonspawn Berserker)             Turns: 291, Time: 00:00:27

Health: 22/24      AC:  3    Str: 17    XL:     2   Next: 0%
Magic:  2/2        EV: 12    Int:  8    God:    Trog [*.....]
Gold:   20         SH:  0    Dex: 12    Spells: 1/1 levels left

rFire    . . .     SeeInvis .   a - +0 hand axe
rCold    . . .     Faith    .   (no shield)
rNeg     . . .     Spirit   .   d - +0 leather armour
rPois    .         Reflect  .   (helmet restricted)
rElec    .         Harm     .   (no cloak)
rCorr    .         Rampage  .   (no gloves)
MR       .....                  (no boots)
Stlth    +.........             (no amulet)
HPRegen  0.08/turn              (no ring)
MPRegen  0.08/turn              (no ring)

@: no status effects
A: antennae 1
a: Berserk, Renounce Religion


You were on level 1 of the Dungeon.
You worshipped Trog.
Trog was aware of your devotion.
You visited 1 branch of the dungeon, and saw 1 of its levels.

You collected 20 gold pieces.

Inventory:

Hand Weapons
 a - a +0 hand axe (weapon)
Armour
 d - a +0 leather armour (worn)
Scrolls
 b - 2 scrolls of fog {unknown}
 e - 3 scrolls of remove curse {unknown}
Potions
 c - a potion of curing {unknown}


   Skills:
 - Level 3.0 Fighting
 + Level 3.2 Axes
 - Level 1.7 Armour
 - Level 1.7 Dodging


You had one spell level left.
You didn't know any spells.
Your spell library was empty.

Dungeon Overview and Level Annotations

Branches:
Dungeon (1/15)

Altars:


Innate Abilities, Weirdness & Mutations

You have a pair of small antennae on your head.


Message History

The bat completely misses you.
The rat twitches its whiskers.
The rat barely misses you.
You hit the rat but do no damage. You closely miss the bat.
The bat barely misses you. The rat bites you but does no damage.
You barely miss the rat. You closely miss the bat.
The bat completely misses you. The rat barely misses you.
You hit the rat.
The rat is moderately wounded.
The bat hits you but does no damage. The rat bites you but does no damage.
The rat bites you.
You slash the rat!
You kill the rat!
Trog accepts your kill.
You have reached level 2!
You feel monstrous as your demonic heritage exerts itself.
Your demonic ancestry asserts itself...
A pair of antennae grows on your head! The bat barely misses you.
Are you sure you want to abandon this character and quit the game? (Confirm with "yes".)

▒··▒▒·▒·▒·▒ ▒··
▒·······▒·▒▒▒▒▒·▒
▒▒▒··············(·
··▒·····▒▒▒·▒▒▒·▒··
▒·▒···▒▒▒ ▒ ▒·▒[·
▒·▒···▒ ··▒··
▒·▒···▒ ▒▒····
▒·▒·▒···▒ ▒·▒··
▒···@···▒ ▒·▒··
·····b·▒···▒ ▒ ▒··
·····▒·▒···▒ ▒··
▒··· ··▒···▒ ▒··
▒·▒ ···▒···▒ ▒·· ▒
▒·▒·▒▒··▒ ▒·▒ ····
··▒ ▒·▒▒▒·▒ ▒▒·▒·
··▒ ·····(·
▒▒·▒▒▒·▒


You could see a bat.

Vanquished Creatures
  2 ball pythons (D:1)
  A bat (D:1)
  A goblin (D:1)
  3 kobolds (D:1)
  3 rats (D:1)
10 creatures vanquished.

Notes
Turn   | Place    | Note
-------+----------+-------------------------------------------
     0 | D:1      | Azzok the Demonspawn Berserker began the quest for the Orb.
     0 | D:1      | Reached XP level 1. HP: 18/18 MP: 1/1
   290 | D:1      | Gained mutation: You have a pair of small antennae on your
                  | head. [demonic ancestry]
   290 | D:1      | Reached XP level 2. HP: 22/24 MP: 2/2
   291 | D:1      | Quit the game

Illustrated notes

Levels and vault maps discovered:
D:1:      lemuel_arrival_hallway, layout_basic, minmay_misc_feat_ornament,
          minivault_25

Skill      XL: |  1 |
---------------+----+-----
Axes           | 3 |  3.2
Fighting       | |  3.0
Armour         | |  1.7
Dodging        | |  1.7

Action                   || total
-------------------------++-------
Melee: Hand axe          ||    33
Armor: Leather armour    ||     7
       Animal skin       ||     2
Dodge: Dodged            ||    28

Table legend: (Time is in decaauts)
 A = Elapsed time spent in this place.
 B = Non-inter-level travel time spent in this place.
 C = Inter-level travel time spent in this place.
 D = Time resting spent in this place.
 E = Time spent auto-exploring this place.
 F = Levels seen in this place.
 G = Mean time per level.
                   A        B        C        D        E       F      G
               +--------+--------+--------+--------+--------+-----+--------+
         Total |    296 |    296 |      0 |     69 |    136 |   1 |  296.0 |
       Dungeon |    296 |    296 |      0 |     69 |    136 |   1 |  296.0 |
               +--------+--------+--------+--------+--------+-----+--------+

Top non-repeatable levels by time:
     D:1: 296 daAuts
